 Dungeon Crawl Stone Soup version 0.29-a0-857-g9b1aa3ac5b (webtiles) character file.

Game seed: 13787386406634882184

3622 gobodom the Firebug (level 9, -5/59 HPs)
             Began as a Demonspawn Fire Elementalist on July 16, 2022.
             Slain by a two-headed ogre
             ... wielding a +0 giant club
              (18 damage)
             ... on level 9 of the Dungeon.
             The game lasted 00:33:43 (9590 turns).

gobodom the Firebug (Demonspawn Fire Elementalist)  Turns: 9590, Time: 00:33:45

Health: -5/59      AC:  9    Str:  8    XL:     9   Next: 87%
Magic:  3/19       EV: 13    Int: 25    God:
Gold:   366        SH: 11    Dex: 18    Spells: 8/21 levels left

rFire   . . .      SeeInvis .   R - +8 whip of Woe {freeze, Drain rElec rN+}
rCold   . . .      Faith    .   v - +2 buckler
rNeg    + . .      Spirit   .   a - +0 robe
rPois   +          Reflect  .   g - +0 helmet
rElec   +          Harm     .   F - +0 cloak {Stlth+}
rCorr   .          Rampage  .   q - +0 pair of gloves
Will    .....                   b - +0 pair of boots
Stlth   ++++......              (no amulet)
HPRegen 0.19/turn               M - +6 ring of intelligence
MPRegen 0.16/turn               r - ring of poison resistance

@: no status effects
A: icemail 1, spiny 1, sturdy frame 1, condensation shield, agile 1, deformed
body, mutation resistance 1
a: no special abilities


You were on level 9 of the Dungeon.
You visited 1 branch of the dungeon, and saw 9 of its levels.

You collected 366 gold pieces.

Inventory:

Hand Weapons
 f - a +0 dagger of draining
 E - a +3 quarterstaff of chaos
 R - the +8 whip of Woe (weapon) {freeze, Drain rElec rN+}
   (You took it off a gnoll on level 7 of the Dungeon)

   It freezes those it strikes, dealing additional cold damage.
   It can also slow down cold-blooded creatures.
   rElec:     It insulates you from electricity.
   rN:        It protects you from negative energy.
   Drain:     It drains your maximum health when unequipped.
Missiles
 C - 5 boomerangs of dispersal
 X - 2 atropa-tipped darts
Armour
 a - a +0 robe (worn)
 b - a +0 pair of boots (worn)
 g - a +0 helmet (worn)
 q - a +0 pair of gloves (worn)
 v - a +2 buckler (worn)
 B - the +1 chain mail "Teabuntu" {Fly Will+++ Stlth-}
   (You found it on level 4 of the Dungeon)

   Fly:       It grants you flight.
   Will:      It greatly increases your willpower.
   Stlth:     It makes you less stealthy.
 F - a +0 cloak of stealth (worn)
Magical Staves
 p - a staff of earth
 L - a staff of fire
Jewellery
 h - a ring of protection from fire
 r - a ring of poison resistance (right hand)
 t - a +4 ring of protection
 A - a ring of protection from fire
 I - a +6 ring of dexterity
 K - a ring of ice
 M - a +6 ring of intelligence (left hand)
 W - an amulet of faith
Wands
 i - a wand of charming (16)
 O - a wand of flame (26)
 S - a wand of iceblast (15)
Scrolls
 d - 2 scrolls of noise
 e - 6 scrolls of teleportation
 j - 2 scrolls of identify
 l - a scroll of poison
 m - 2 scrolls of immolation
 n - a scroll of summoning
 u - 3 scrolls of amnesia
 H - a scroll of enchant weapon
 N - a scroll of blinking
 U - a scroll of fog
Potions
 c - 3 potions of attraction
 k - 6 potions of heal wounds
 s - 4 potions of curing
 w - a potion of might
 x - 3 potions of flight
 z - a potion of cancellation
 G - a potion of berserk rage
 T - a potion of resistance
 V - a potion of magic


   Skills:
 + Level 1.3 Fighting
 + Level 1.0 Short Blades
 + Level 0.1(1.4) Maces & Flails
 + Level 2.4 Staves
 + Level 3.6 Dodging
 + Level 3.5 Stealth
 + Level 1.7 Shields
 + Level 6.9 Spellcasting
 + Level 4.8 Conjurations
 * Level 2.6 Translocations
 * Level 7.3 Fire Magic
 + Level 1.2 Air Magic
 + Level 1.4 Earth Magic
 + Level 2.5 Evocations


You had 8 spell levels left.
You knew the following spells:

 Your Spells              Type           Power      Damage    Failure   Level
a - Foxfire               Conj/Fire      100%       2x1d9     1%          1
b - Scorch                Fire           90%        2d10      1%          2
c - Conjure Flame         Conj/Fire      39%        6-21      2%          3
d - Shock                 Conj/Air       96%        1d9       2%          1
e - Flame Wave            Conj/Fire      39%        2d9       7%          4
f - Blink                 Tloc           42%        N/A       4%          2

Your spell library contained the following spells:

 Spells                   Type           Power      Damage    Failure   Level
 Magic Dart               Conj           100%       1d8       1%          1
 Searing Ray              Conj           66%        2d6       1%          2
 Apportation              Tloc           42%        N/A       3%          1
 Inner Flame              Hex/Fire       27%        N/A       6%          3
 Necrotise                Necr           32%        1d5       9%          1
 Summon Small Mammal      Summ           32%        N/A       9%          1
 Portal Projectile        Hex/Tloc       30%        N/A       16%         3
 Swiftness                Air            15%        N/A       16%         3
 Frozen Ramparts          Ice            16%        1d3       26%         3
 Tukima's Dance           Hex            8%         N/A       26%         3
 Fulminant Prism          Conj/Hex       10%        3d9       32%         4
 Airstrike                Air            7%         0-4+      45%         4
 Manifold Assault         Tloc           21%        N/A       63%         5
 Ice Form                 Ice/Tmut       8%         N/A       65%         4
 Summon Ice Beast         Ice/Summ       8%         N/A       65%         4
 Blade Hands              Tmut           4%         N/A       94%         5
 Storm Form               Tmut/Air       5%         N/A       100%        7


Dungeon Overview and Level Annotations

Branches:
Dungeon (9/15)             Temple (0/1) D:4
   Lair: D:8-11         Orc: D:9-12

Altars:
Cheibriados
Hepliaklqana
Qazlal
Trog
Vehumet
Wu Jian
Xom


Innate Abilities, Weirdness & Mutations

A meltable icy envelope protects you from harm. (AC +4)
You are partially covered in sharp spines.
Your movements are slightly less encumbered by armour. (ER -2)
A meltable shield of frost defends you. (SH +4)
You are agile. (Dex +4, Str/Int -1)
Armour fits poorly on your strangely shaped body.
You are somewhat resistant to further mutation.


Message History

You conjure some foxfire!
The killer bee buzzes angrily.
Your foxfire dissipates!
The killer bee misses you.
The killer bee is struck by your spines.
The killer bee stings you.
Casting: Foxfire (safe; 1% risk of failure)
Confirm with . or Enter, or press ? or * to list all spells.
Flames lash the killer bee.
The killer bee is severely wounded.
The killer bee's fire resistance burns away.
The foxfire hits the killer bee.
The killer bee is heavily wounded.
You block the killer bee's attack.
A killer bee comes into view.
Casting: Scorch (safe; 1% risk of failure)
Confirm with . or Enter, or press ? or * to list all spells.
Flames lash the two-headed ogre.
The two-headed ogre is moderately wounded.
The two-headed ogre's fire resistance burns away.
The killer bee buzzes angrily.
The killer bee is struck by your spines.
You kill the killer bee!
The killer bee is struck by your spines.
The killer bee barely misses you.
The killer bee stings you but does no damage.
Casting: Scorch (safe; 1% risk of failure)
Confirm with . or Enter, or press ? or * to list all spells.
Flames lash the killer bee.
You kill the killer bee!
The killer bee is struck by your spines.
The killer bee misses you. You block the killer bee's attack.
Your foxfire dissipates!
The two-headed ogre attacks as you move away!
The two-headed ogre is struck by your spines.
The two-headed ogre hits you with a +0 giant club!!
Ouch! That really hurt!
* * * LOW HITPOINT WARNING * * *
The two-headed ogre hits you with a +0 dire flail!!
You die...

##########
.........#
.........#
.........#
......)..#
....)....#
....y)yO)#
##@#
#ยงยง#
#.## #.#
#.# #.#
#.# #.#
#.#


You could see a two-headed ogre (combustible) and 2 killer bees.

Vanquished Creatures
  Pikel (D:7)
  Joseph (D:7)
  A hornet (D:8)
  Grinder (D:6)
  3 yaks (D:9)
  A black bear (D:6)
  An ice beast (D:6)
  An ogre (D:7)
  2 centaurs
  A lemure (D:7)
  2 phantoms
  A bullfrog (D:8)
  A kobold brigand (D:9)
  A gnoll sergeant (D:7)
  2 scorpions
  10 killer bees (D:9)
  A jelly (D:6)
  Crazy Yiuf (D:4)
  5 orc priests
  3 iguanas (D:4)
  8 orc wizards
  7 adders
  5 gnolls (D:7)
  A shadow imp (D:7)
  2 white imps (D:6)
  An ufetubus (D:5)
  3 worms
  A dart slug (D:5)
  10 orcs
  6 endoplasms
  5 giant cockroaches
  10 hobgoblins
  A quokka (D:1)
  6 ball pythons
  5 bats
  A frilled lizard (D:2)
  8 goblins
  9 kobolds
  5 rats
134 creatures vanquished.

Vanquished Creatures (others)
  476 foxfires
  4 fungi (D:2)
  4 plants (D:2)
484 creatures vanquished.

Grand Total: 618 creatures vanquished

Notes
Turn   | Place    | Note
-------+----------+-------------------------------------------
     0 | D:1      | gobodom the Demonspawn Fire Elementalist began the quest
                  | for the Orb.
     0 | D:1      | Reached XP level 1. HP: 13/13 MP: 3/3
   535 | D:1      | Gained mutation: You are partially covered in sharp spines.
                  | [demonic ancestry]
   535 | D:1      | Reached XP level 2. HP: 3/19 MP: 0/5
  1071 | D:1      | Reached skill level 3 in Fire Magic
  1672 | D:2      | Gained mutation: A meltable shield of frost defends you.
                  | (SH +4) [demonic ancestry]
  1672 | D:2      | Reached XP level 3. HP: 24/24 MP: 0/6
  2133 | D:2      | Found a faded altar of an unknown god.
  2477 | D:2      | Gained mutation: A meltable icy envelope protects you from
                  | harm. (AC +4) [demonic ancestry]
  2477 | D:2      | Reached XP level 4. HP: 30/30 MP: 0/8
  3974 | D:4      | Identified the +1 chain mail "Teabuntu" {Fly Will+++
                  | Stlth-}
  4310 | D:4      | Reached XP level 5. HP: 35/35 MP: 5/9
  4580 | D:4      | Found a runed translucent door.
  4581 | D:4      | Noticed Crazy Yiuf
  4641 | D:4      | Found a staircase to the Ecumenical Temple.
  4720 | D:4      | Reached XP level 6. HP: 33/41 MP: 0/11
  4914 | D:4      | Found a hazy altar of Hepliaklqana.
  4915 | D:4      | Found a shimmering altar of Xom.
  4916 | D:4      | Noticed a spectral ugly thing
  5121 | D:4      | Learned a level 2 spell: Scorch
  5123 | D:4      | Killed Crazy Yiuf
  5124 | D:4      | Reached skill level 4 in Fire Magic
  5208 | D:5      | Entered Level 5 of the Dungeon
  5265 | D:4      | Reached skill level 1 in Shields
  5606 | D:5      | Reached XP level 7. HP: 47/47 MP: 8/13
  6037 | D:5      | Found a stormy altar of Qazlal.
  6038 | D:5      | Noticed a water elemental
  6040 | D:5      | Noticed an air elemental
  6040 | D:5      | Noticed a fire elemental
  6428 | D:6      | Reached skill level 5 in Spellcasting
  6428 | D:6      | Reached skill level 5 in Fire Magic
  6512 | D:6      | Noticed Grinder
  6519 | D:6      | Killed Grinder
  6520 | D:6      | Reached skill level 1 in Short Blades
  6520 | D:6      | Gained mutation: Your movements are slightly less
                  | encumbered by armour. (ER -2) [demonic ancestry]
  6520 | D:6      | Reached XP level 8. HP: 40/53 MP: 6/16
  6524 | D:6      | Learned a level 3 spell: Conjure Flame
  6747 | D:6      | Learned a level 1 spell: Shock
  6763 | D:6      | Found an ornate altar of the Wu Jian Council.
  7231 | D:6      | Gained mutation: Your muscles are strong. (Str +4, Int/Dex
                  | -1) [potion of mutation]
  7231 | D:6      | Gained mutation: You are frail. (-10% HP) [potion of
                  | mutation]
  7231 | D:6      | Gained mutation: Your spells are a little harder to cast,
                  | but a little more powerful. [potion of mutation]
  7231 | D:6      | Gained mutation: You have a pair of small horns on your
                  | head. [potion of mutation]
  7232 | D:6      | Lost mutation: You are frail. (-10% HP) [potion of
                  | mutation]
  7232 | D:6      | Lost mutation: You have a pair of small horns on your head.
                  | [potion of mutation]
  7232 | D:6      | Gained mutation: You have hidden genetic defects. [potion
                  | of mutation]
  7232 | D:6      | Gained mutation: Your magical capacity is low. (-10% MP)
                  | [potion of mutation]
  7324 | D:7      | Reached skill level 1 in Staves
  7324 | D:7      | Reached skill level 1 in Evocations
  7326 | D:7      | Noticed Pikel
  7540 | D:7      | Killed Pikel
  7541 | D:7      | Reached skill level 1 in Fighting
  7541 | D:7      | Reached skill level 6 in Fire Magic
  7556 | D:7      | Gained mutation: You occasionally shout uncontrollably at
                  | your foes. [hidden defects]
  7681 | D:7      | Learned a level 4 spell: Flame Wave
  7684 | D:7      | Learned a level 2 spell: Blink
  7729 | D:7      | Noticed Joseph
  7752 | D:7      | Killed Joseph
  7753 | D:7      | Reached XP level 9. HP: 25/59 MP: 4/16
  7768 | D:7      | Lost mutation: Your muscles are strong. (Str +4, Int/Dex
                  | -1) [hidden defects]
  7768 | D:7      | Lost mutation: You have hidden genetic defects. [hidden
                  | defects expressed]
  7796 | D:7      | Identified the +8 whip of Woe {freeze, Drain rElec rN+}
  7801 | D:7      | Reached skill level 1 in Air Magic
  7808 | D:7      | Reached skill level 1 in Earth Magic
  8241 | D:8      | Reached skill level 1 in Translocations
  8682 | D:8      | Lost mutation: Your spells are a little harder to cast, but
                  | a little more powerful. [potion of mutation]
  8682 | D:8      | Lost mutation: You occasionally shout uncontrollably at
                  | your foes. [potion of mutation]
  8682 | D:8      | Lost mutation: Your magical capacity is low. (-10% MP)
                  | [potion of mutation]
  8682 | D:8      | Gained mutation: You are agile. (Dex +4, Str/Int -1)
                  | [potion of mutation]
  8682 | D:8      | Gained mutation: You are somewhat resistant to further
                  | mutation. [potion of mutation]
  8682 | D:8      | Gained mutation: Armour fits poorly on your strangely
                  | shaped body. [potion of mutation]
  9251 | D:9      | Found a bloodstained altar of Trog.
  9389 | D:9      | Found a snail-covered altar of Cheibriados.
  9392 | D:9      | Found a radiant altar of Vehumet.
  9441 | D:9      | Reached skill level 7 in Fire Magic
  9582 | D:9      | Noticed a two-headed ogre
  9590 | D:9      | Slain by a two-headed ogre

Illustrated notes

Levels and vault maps discovered:
D:1:      dpeg_arrival_arbitrary_b, layout_basic, serial_glass, glass_columns_a,
          glass_columns_a, glass_columns_a, glass_columns_a, glass_columns_c,
          glass_columns_a, minmay_strange_pillars, minmay_strange_pillars,
          minmay_strange_pillars, lemuel_another_geyser
D:2:      layout_loops_ring, dreamdust_ecumenical_altar_grove, minmay_unequal
D:3:      layout_loops_ring
D:4:      minmay_inner_zag, layout_basic, regret_index_temple_of_mockery,
          minmay_temple_entry_mini_moons, interstate_on_off,
          uniq_crazy_yiuf_cottage
D:5:      layout_basic, nicolae_qazlal_style_of_elements
D:6:      layout_loops_ring, general_overflow_altar, uniq_grinder
D:7:      layout_rooms, uniq_pikel, uniq_joseph
D:8:      layout_loops_ring
D:9:      layout_roguey, minitemple, minmay_lair_entry_grove,
          kb_lookout_dungeons_type

Skill      XL: |  1  2  3  4  5  6  7  8  9 |
---------------+----------------------------+-----
Fire Magic     | 3 4 5 6 7 |  7.3
Dodging        | 2 3 |  3.6
Stealth        | 2 3 |  3.5
Conjurations   | 2 3 4 |  4.8
Spellcasting   | 3 4 5 6 |  6.9
Shields        | 1 |  1.7
Short Blades   | 1 |  1.0
Staves         | 2 |  2.4
Evocations     | 2 |  2.5
Fighting       | 1 |  1.3
Air Magic      | 1 |  1.2
Earth Magic    | 1 |  1.4
Translocations | 2 |  2.6
Maces & Flails | |  0.1

Action                   |  1- 3 |  4- 6 |  7- 9 || total
-------------------------+-------+-------+-------++-------
Melee: Unarmed           |     7 |       |       ||     7
       Dagger            |     5 |    43 |     5 ||    53
       Staff             |       |       |    18 ||    18
       Whip              |       |       |    10 ||    10
 Cast: Foxfire           |    84 |    98 |   130 ||   312
       Scorch            |       |     6 |    25 ||    31
       Shock             |       |       |    15 ||    15
       Conjure Flame     |       |       |     2 ||     2
       Flame Wave        |       |       |     1 ||     1
  Use: Potion            |     1 |     1 |     4 ||     6
       Scroll            |     4 |     4 |    17 ||    25
Armor: Robe              |     1 |    14 |    18 ||    33
Dodge: Dodged            |    12 |    20 |    40 ||    72
Block: Other             |     3 |     4 |       ||     7
       Buckler           |       |     8 |    55 ||    63

Table legend: (Time is in decaauts)
 A = Elapsed time spent in this place.
 B = Non-inter-level travel time spent in this place.
 C = Inter-level travel time spent in this place.
 D = Time resting spent in this place.
 E = Time spent auto-exploring this place.
 F = Levels seen in this place.
 G = Mean time per level.
                   A        B        C        D        E       F      G
               +--------+--------+--------+--------+--------+-----+--------+
         Total |   9594 |   9134 |    460 |    621 |   7310 |   9 | 1066.0 |
       Dungeon |   9594 |   9134 |    460 |    621 |   7310 |   9 | 1066.0 |
               +--------+--------+--------+--------+--------+-----+--------+

Top non-repeatable levels by time:
     D:1: 1600 daAuts
     D:4: 1458 daAuts
     D:2: 1405 daAuts
     D:6: 1291 daAuts
     D:8: 990 daAuts
     D:3: 915 daAuts
     D:5: 783 daAuts
     D:7: 620 daAuts
     D:9: 529 daAuts
